 Dungeon Crawl Stone Soup version 0.30-b1-2-g02819fbbbe (webtiles) character file.

Game seed: 4293130958571240982

1367 Maffolandro the Cutter (level 8, -2/64 HPs)
             Began as a Human Wanderer on Dec 21, 2023.
             Was a Priest of Lugonu.
             Shot with an arrow by a centaur (7 damage)
             ... on level 7 of the Dungeon.
             The game lasted 00:16:35 (4587 turns).

Maffolandro the Cutter (Human Wanderer)             Turns: 4587, Time: 00:16:35

Health: -2/64      AC: 11    Str: 18    XL:     8   Next: 97%
Magic:  8/8        EV:  8    Int:  8    God:    Lugonu [***...]
Gold:   270        SH: 15    Dex: 16    Spells: 7/7 levels left

rFire   + . .        a - +3 falchion
rCold   . . .        x - +5 Storm Queen's Shield {shock, Fly rElec}
rNeg    . . .        w - +3 scale mail "Paubigaxu" {rElec Dex+2}
rPois   .            o - +0 helmet
rElec   +            (no cloak)
rCorr   .            k - +0 pair of gloves
SInv    .            (no boots)
Will    .....        t - amulet of regeneration
Stlth   ++           q - ring of protection from fire
HPRegen 1.10/turn    (no ring)
MPRegen 0.11/turn

%: no passive effects
@: lethally poisoned (-2 -> -3), flying
A: no striking features
a: Renounce Religion, Depart the Abyss, Banish


You were on level 7 of the Dungeon.
You worshipped Lugonu.
Lugonu was most pleased with you.
You visited 1 branch of the dungeon, and saw 7 of its levels.

You collected 360 gold pieces.
You spent 90 gold pieces at shops.

Inventory:

Hand Weapons
 a - a +3 falchion (weapon)
 b - a +0 sling
 z - a +3 short sword
Missiles
 e - 2 atropa-tipped darts (quivered)
 j - 6 poisoned darts
 B - 2 silver javelins
 K - a throwing net
Armour
 k - a +0 pair of gloves (worn)
 o - a +0 helmet (worn)
 w - the +3 scale mail "Paubigaxu" (worn) {rElec Dex+2}
   (You found it on level 3 of the Dungeon)

   Dex:       It affects your dexterity (+2).
   rElec:     It insulates you from electricity.
 x - the +5 Storm Queen's Shield (worn) {shock, Fly rElec}
   (You found it on level 4 of the Dungeon)

   Shock:     When it blocks an attack, it may electrocute the attacker.
   This works even against foes who are a short distance away.
   rElec:     It insulates you from electricity.
   Fly:       It grants you flight.
Jewellery
 q - a ring of protection from fire (left hand)
 t - an amulet of regeneration (around neck)
 A - a ring of ice
 J - a ring of fire
Scrolls
 c - a scroll of fog
 f - 7 scrolls of identify {unknown}
 i - 2 scrolls of enchant armour {unknown}
 p - a scroll of fear {unknown}
 r - a scroll of silence {unknown}
 s - 3 scrolls of teleportation
 y - a scroll of magic mapping {unknown}
 C - a scroll of amnesia {unknown}
 E - a scroll of poison {unknown}
 G - a scroll of noise {unknown}
 I - a scroll of vulnerability {unknown}
Potions
 d - 4 potions of curing
 g - 3 potions of haste
 h - a potion of heal wounds {unknown}
 l - a potion of brilliance {unknown}
 m - 4 potions of might {unknown}
 n - a potion of ambrosia {unknown}
 u - 4 potions of attraction {unknown}
 v - 2 potions of flight {unknown}
 D - a potion of lignification {unknown}
 F - a potion of mutation {unknown}
 H - 3 potions of magic {unknown}
 L - a potion of resistance {unknown}


   Skills:
 - Level 6.0 Fighting
 - Level 6.0(6.3) Short Blades
 + Level 3.1(5.0) Long Blades
 - Level 6.0 Stealth
 * Level 5.6 Shields


You had 7 spell levels left.
You didn't know any spells.
Your spell library contained the following spells:

 Spells                   Type           Power      Damage    Failure   Level
 Magic Dart               Conj           0%         1d3       98%         1
 Call Imp                 Summ           0%         N/A       99%         2
 Cigotuvi's Dreadful Rot  Necr/Pois/Air  0%         N/A       99%         2
 Sublimation of Blood     Necr           0%         N/A       99%         2
 Wereblood                Tmut           0%         N/A       99%         2
 Gell's Gravitas          Tloc           0%         N/A       100%        3
 Mephitic Cloud           Conj/Pois/Air  0%         N/A       100%        3
 Teleport Other           Tloc           0%         N/A       100%        3
 Dispel Undead            Necr           0%         3d6       100%        4
 Death Channel            Necr           0%         N/A       100%        6
 Dispersal                Tloc           0%         N/A       100%        6
 Summon Hydra             Summ           0%         N/A       100%        7
 Borgnjor's Revivificati  Necr           0%         N/A       100%        8
 Necromutation            Tmut/Necr      0%         N/A       100%        8
 Death's Door             Necr           0%         N/A       100%        9


Dungeon Overview and Level Annotations

Branches:
Dungeon (7/15)             Temple (0/1) D:4

Altars:
Fedhas
Hepliaklqana
Zin
Lugonu

Shops:
D:6 *

Annotations:
D:3 1 runed translucent door, exclusion: door, Crazy Yiuf
D:4 1 runed translucent door, Millikuen's ghost, weakling DsNe


Message History

The water moccasin bites you.
You hit the water moccasin but do no damage.
The water moccasin is almost dead.
The water moccasin bites you.
You hit the water moccasin.
The water moccasin is almost dead.
The water moccasin bites you.
You are poisoned.
The water moccasin poisons you! You block the water moccasin's attack.
You closely miss the water moccasin.
The water moccasin is almost dead.
You feel very sick. You block the water moccasin's attack.
Your shield discharges, shocking the water moccasin!
You kill the water moccasin!
Lugonu accepts your kill.
The orc priest calls down the wrath of Beogh upon you.
Beogh smites you!
Your base Long Blades skill increases to level 3!
You are too injured to fight recklessly!
You are too injured to fight recklessly!
You are too injured to fight recklessly!
Unknown command.
You are too injured to fight recklessly!
You hit the bullfrog.
The bullfrog is moderately wounded.
You feel very sick. The bullfrog completely misses you. The bullfrog hits you.
The orc priest mumbles some strange prayers to Beogh against you.
Beogh smites you!
* * * LOW HITPOINT WARNING * * *
The bullfrog attacks as you move away! You block the bullfrog's attack.
You feel sick.
The bullfrog hits you but does no damage.
There is an open door, spattered with blood here.
You feel sick.
You feel sick. You block the bullfrog's attack.
Your shield discharges, shocking the bullfrog!
You feel sick.
The centaur shoots an arrow.
The arrow hits you!
You die...

#######.#.##
............
######.#.## #.#.##
#############.#...
#.............####
##.#############
#..........
#.@........
#....>.....
#F.........
##c######## #.#
#o#


ol. .oo.. ...8... You could see a bullfrog, a centaur, an iguana, 2 orc priests
and 2 orcs.

Vanquished Creatures
  A water moccasin (D:7)
  An ice beast (D:6)
  A centaur (D:6)
  A phantom (D:4)
  A bullfrog (D:7)
  4 scorpions
  2 howler monkeys (D:5)
  3 hounds
  5 orc priests
  A gnoll bouda (D:7)
  3 orc wizards
  11 gnolls
  8 adders
  2 worms
  A dart slug (D:1)
  18 orcs
  9 bats
  9 endoplasms
  3 giant cockroaches
  7 goblins
  8 hobgoblins
  4 jackals (D:3)
  8 kobolds
  5 quokkas
  6 ball pythons
  5 frilled lizards
  8 rats
135 creatures vanquished.

Notes
Turn   | Place    | Note
-------+----------+-------------------------------------------
     0 | D:1      | Maffolandro the Human Wanderer began the quest for the Orb.
     0 | D:1      | Maffolandro set off with the following items: a +3 short
                  | sword, a scroll of teleportation, a scroll of fog, a +0
                  | leather armour.
     0 | D:1      | Reached XP level 1. HP: 19/19 MP: 1/1
   126 | D:1      | Reached XP level 2. HP: 25/25 MP: 2/2
   232 | D:1      | Reached XP level 3. HP: 28/30 MP: 3/3
   259 | D:1      | Found a faded altar of an unknown god.
   297 | D:1      | Prayed at the altar of an unknown god.
   297 | D:1      | Became a worshipper of Lugonu the Unformed
   297 | D:1      | Reached * piety under Lugonu
   804 | D:2      | Reached XP level 4. HP: 37/37 MP: 4/4
  1061 | D:2      | Reached ** piety under Lugonu
  1666 | D:3      | Identified the +3 scale mail "Paubigaxu" {rElec Dex+2}
  1708 | D:3      | Reached XP level 5. HP: 43/43 MP: 5/5
  1782 | D:3      | Found a runed translucent door.
  1783 | D:3      | Noticed Crazy Yiuf
  1915 | D:3      | Reached XP level 6. HP: 49/49 MP: 6/6
  2114 | D:3      | Reached *** piety under Lugonu
  2155 | D:3      | Reached skill level 5 in Fighting
  2543 | D:4      | Identified the +0 leather armour "Apru" {Dex+2 SInv}
  2617 | D:4      | Reached skill level 5 in Stealth
  2617 | D:4      | Reached XP level 7. HP: 52/56 MP: 7/7
  2717 | D:4      | Found the +5 Storm Queen's Shield {shock, Fly rElec}
  2815 | D:4      | Found a runed translucent door.
  2817 | D:4      | Noticed Millikuen's ghost (weakling DsNe)
  2863 | D:4      | Found a staircase to the Ecumenical Temple.
  3117 | D:5      | Entered Level 5 of the Dungeon
  3179 | D:5      | Reached skill level 1 in Shields
  3535 | D:5      | Reached XP level 8. HP: 64/64 MP: 8/8
  3783 | D:6      | Reached skill level 1 in Long Blades
  3837 | D:6      | Found Rousaakk's Gadget Gallery.
  3879 | D:6      | Found a blossoming altar of Fedhas.
  3995 | D:6      | Found Zin's Purification Station.
  3999 | D:6      | Found a glowing silver altar of Zin.
  4004 | D:6      | Bought a potion of curing for 90 gold pieces
  4122 | D:6      | Found a hazy altar of Hepliaklqana.
  4234 | D:7      | Reached skill level 5 in Shields
  4587 | D:7      | Shot with an arrow by a centaur

Illustrated notes

Levels and vault maps discovered:
D:1:      psy_arrival_dodecagon, layout_rooms,
          chequers_ecumenical_altar_simple_redux, roderic_serpentine_path,
          minmay_ruptured
D:2:      layout_loops_ring, minmay_misc_feat_columns,
          minmay_misc_feat_more_columns, amcnicky_mini_rare_corridor_liquid,
          minmay_misc_feat_chi, kennysheep_generic_room_2
D:3:      layout_loops_ring, minmay_misc_feat_enclosed, nrook_loot_triangle,
          uniq_crazy_yiuf_cottage
D:4:      layout_loops_ring, temple_doors_cd, ebering_ghost_inner_flame
D:5:      layout_cave_pools
D:6:      layout_rooms, lemuel_tele_altar, nicolae_hepliaklqana_hazy_memory,
          zin_purify, nicolae_shop_gadgets
D:7:      layout_basic, minivault_27, hangedman_decor_growths, st_stairs_1

Skill      XL: |  1  2  3  4  5  6  7  8 |
---------------+-------------------------+-----
Short Blades   | 6 |  6.0
Stealth        | 2 3 5 6 |  6.0
Fighting       | 5 6 |  6.0
Shields        | 2 5 |  5.6
Long Blades    | 3 |  3.1

Action                     |  1- 3 |  4- 6 |  7- 9 || total
---------------------------+-------+-------+-------++-------
  Melee: Short sword       |    94 |   194 |    71 ||   359
         Punch             |     2 |     3 |       ||     5
         Falchion          |       |       |    63 ||    63
   Fire: Sling             |       |    57 |    15 ||    72
  Throw: Dart              |       |       |     3 ||     3
   Stab: Sleeping          |     1 |       |     1 ||     2
 Armour: Ring mail         |    12 |    17 |       ||    29
         Leather armour    |     1 |       |       ||     1
         Scale mail        |    16 |    74 |    38 ||   128
  Dodge: Dodged            |    38 |    71 |    27 ||   136
  Block: Kite shield       |       |       |   108 ||   108
